 Dungeon Crawl Stone Soup version 0.27-a0-1245-g940ed4fa31 (webtiles) character file.

Game seed: 5395487903863471675

32225 tilp the Convoker (level 13, -4/98 HPs)
             Began as a Barachi Summoner on June 9, 2021.
             Was the Champion of Okawaru.
             Slain by an elephant (13 damage)
             ... on level 5 of the Lair of Beasts.
             The game lasted 01:05:43 (35205 turns).

tilp the Convoker (Barachi Summoner)               Turns: 35205, Time: 01:05:43

Health: -4/98      AC: 18    Str: 14    XL:     13   Next: 63%
Magic:  5/19       EV: 17    Int: 17    God:    Okawaru [******]
Gold:   966        SH:  0    Dex: 18    Spells: 2/20 levels left

rFire    + . .     SeeInvis .   b - +0 eveningstar (freeze)
rCold    . . .     Faith    .   (no shield)
rNeg     . . .     Spirit   .   w - +1 ring mail {rF+}
rPois    .         Reflect  .   r - +2 helmet
rElec    .         Harm     .   y - +2 cloak
rCorr    .         Rampage  .   (no gloves)
Will     .....                  x - +2 pair of boots
Stlth    ++++......             i - amulet of magic regeneration
HPRegen  0.26/turn              q - +6 ring of dexterity
MPRegen  0.41/turn              T - ring of flight

@: heroic, flying, slow
A: amphibious, slowness 1, strong legs 2, +LOS
a: Hop, Renounce Religion, Heroism, Finesse


You were on level 5 of the Lair of Beasts.
You worshipped Okawaru.
Okawaru was exalted by your worship.
You visited 3 branches of the dungeon, and saw 18 of its levels.
You also visited: Bailey.

You collected 1603 gold pieces.
You spent 637 gold pieces at shops.

Inventory:

Hand Weapons
 a - a +1 demon whip of venom
 b - a +0 eveningstar of freezing (weapon)
Missiles
 E - a curare-tipped dart
 G - 31 poisoned darts (quivered)
 S - 8 boomerangs of dispersal
Armour
 e - +0 steam dragon scales
 l - a +2 scale mail of cold resistance
 r - a +2 helmet (worn)
 w - a +1 ring mail of fire resistance (worn)
 x - a +2 pair of boots (worn)
 y - a +2 cloak (worn)
 D - a +2 robe of the Archmagi
 N - a +3 plate armour of willpower
 Q - a +2 buckler of cold resistance
Jewellery
 h - a ring of see invisible
 i - an amulet of magic regeneration (around neck)
 q - a +6 ring of dexterity (left hand)
 s - a ring of resist corrosion
 J - an amulet of the acrobat
 T - a ring of flight (right hand)
 X - a ring of fire
Wands
 c - a wand of iceblast (48)
 I - a wand of paralysis (11)
 O - a wand of digging (5)
 P - a wand of acid (8)
 R - a wand of flame (27)
 U - a wand of polymorph (6)
Scrolls
 g - 5 scrolls of teleportation
 k - 2 scrolls of summoning
 n - 5 scrolls of amnesia
 p - 5 scrolls of fog
 C - 4 scrolls of blinking
 M - a scroll of magic mapping
Potions
 d - 4 potions of lignification
 f - 5 potions of mutation
 j - 3 potions of haste
 m - 10 potions of brilliance
 o - 3 potions of curing
 t - 3 potions of attraction
 u - 7 potions of magic
 v - 4 potions of might
 z - 2 potions of berserk rage
 A - 2 potions of invisibility
 B - 5 potions of heal wounds
 H - 4 potions of ambrosia
 K - 2 potions of experience {unknown}
 L - 3 potions of resistance
 W - 3 potions of degeneration {unknown}
Miscellaneous
 F - a phantom mirror
 V - a lightning rod (4/4)


   Skills:
 - Level 8.0(13.0) Fighting
 * Level 12.4(17.4) Maces & Flails
 - Level 4.0(9.0) Armour
 - Level 6.0(11.0) Dodging
 - Level 4.0(9.0) Stealth
 - Level 4.0(9.0) Shields
 - Level 4.0 Spellcasting
 - Level 15.0 Summonings
 - Level 4.0 Ice Magic
 - Level 4.0 Air Magic
 - Level 8.0 Invocations
 - Level 4.0 Evocations


You had 2 spell levels left.
You knew the following spells:

 Your Spells              Type           Power      Damage    Failure   Level
a - Summon Small Mammal   Summ           100%       N/A       1%          1
b - Call Imp              Summ           53%        N/A       1%          2
c - Call Canine Familiar  Summ           53%        N/A       1%          3
d - Summon Guardian Gole  Hex/Summ       28%        N/A       3%          3
e - Summon Ice Beast      Ice/Summ       35%        N/A       5%          4
f - Summon Lightning Spi  Summ/Air       35%        N/A       5%          4
g - Apportation           Tloc           6%         N/A       28%         1

Your spell library contained the following spells:

 Spells                   Type           Power      Damage    Failure   Level
 Ensorcelled Hibernation  Hex/Ice        20%        N/A       19%         2
 Poisonous Vapours        Pois/Air       20%        N/A       19%         2
 Animate Skeleton         Necr           6%         N/A       28%         1
 Corona                   Hex            3%         N/A       28%         1
 Mephitic Cloud           Conj/Pois/Air  7%         N/A       45%         3
 Confusing Touch          Hex            3%         N/A       63%         3
 Conjure Flame            Conj/Fire      3%         6-21      63%         3
 Dazzling Flash           Conj/Hex       6%         N/A       63%         3
 Gell's Gravitas          Tloc           1%         N/A       63%         3
 Tukima's Dance           Hex            3%         N/A       63%         3
 Petrify                  Tmut/Erth      3%         N/A       95%         4
 Metabolic Englaciation   Hex/Ice        5%         N/A       98%         5
 Yara's Violent Unravell  Hex/Tmut       1%         3d3       100%        5
 Freezing Cloud           Conj/Ice/Air   6%         6-21      100%        6


Dungeon Overview and Level Annotations

Branches:
Dungeon (11/15)            Temple (1/1) D:5            Lair (6/6) D:11
  Swamp (0/4) Lair:2       Spider (0/4) Lair:4        Slime (0/5) Lair:5
 Bailey (visited)
    Orc: D:9-12

Altars:
Ashenzari
Cheibriados
Dithmenos
Elyvilon
Fedhas
Gozag
Hepliaklqana
Kikubaaqudgha
Makhleb
Nemelex Xobeh
Okawaru
Qazlal
Ru
Sif Muna
Trog
Uskayaw
Vehumet
Wu Jian
Xom
Yredelemnul
Zin
The Shining One

Shops:
D:4 *   D:8 *((=*   D:9 (   D:10 (


Innate Abilities, Weirdness & Mutations

You are amphibious.
You cover ground slowly.
You can hop long distances.
You have an extended range of vision and can be seen from far away.


Message History

The elephant is severely wounded.
The wolf bites your ice beast.
Your ice beast dies!
The wolf bites your ice beast but does no damage.
Your ice beast barely misses the wolf.
Your magical contamination has completely faded away.
Unknown command.
You barely miss the elephant.
The elephant is severely wounded.
The wolf barely misses your ice beast. The elephant completely misses you.
The elephant barely misses you.
Your ice beast hits the wolf but does no damage.
Unknown command.
Unknown command.
You sock the elephant! You freeze the elephant.
The elephant is almost dead.
The wolf bites your ice beast. The elephant tramples you.
* * * LOW HITPOINT WARNING * * *
You hold your ground!
The elephant trunk-slaps you but does no damage.
Unknown command.
Unknown command.
You hit the elephant but do no damage.
The elephant is almost dead.
The wolf bites your ice beast.
Your ice beast dies!
The wolf pauses to sniff the ground.
Unknown command.
Unknown command.
Your ring mail prevents you from hitting the elephant.
The elephant is almost dead.
The elephant tramples you!
* * * LOW HITPOINT WARNING * * *
You hold your ground!
The elephant closely misses you.
Unknown command.
Unknown command.
You hit the elephant but do no damage.
The elephant is almost dead.
The wolf barely misses you. The elephant tramples you!
You die...

########..............####P#
# #.#....#...#..........##
###
######........P.##.>........#
.#.##.......#######..P..#...#
...........## ##...#####..###
#..........# ###.†.## ###..##
##P..##P..## #.#..## ##..###
#######..#####hY## #.....#
#..##.#.###h@.# ###P.##
##......#...### #...#
##..#..#..## ##..P #.##....##
##.. ######### ###


You could see an elephant and 2 wolves.

Vanquished Creatures
  A catoblepas (Lair:1)
  4 hydras
  2 death yaks (Lair:6)
  A lindwurm (Lair:5)
  2 orc knights (Bailey)
  A cyclops (D:11)
  5 elephants
  A gargoyle (D:11)
  2 cane toads
  2 black mambas (Lair:6)
  A rime drake (Lair:5)
  5 komodo dragons
  A tyrant leech (Lair:2)
  2 polar bears
  Grinder (D:3)
  A dream sheep (Lair:2)
  A shadow (D:7)
  A wyvern (Lair:3)
  A redback (Lair:4)
  2 steam dragons (D:8)
  31 yaks
  2 basilisks
  2 vampire mosquitoes (D:11)
  7 water moccasins
  8 orc warriors
  A nameless horror (Bailey)
  A black bear (D:6)
  A necrophage (D:8)
  4 wolves
  2 centaurs
  A gnoll sergeant (D:7)
  5 bullfrogs
  A scorpion (D:5)
  8 killer bees (D:8)
  2 electric eels
  4 howler monkeys
  2 hounds
  A jelly (D:6)
  2 orc priests (D:6)
  An iguana (D:6)
  Ijyb (D:2)
  5 orc wizards
  A hound zombie (D:4)
  7 gnolls
  A howler monkey skeleton (D:7)
  4 adders
  An adder zombie (D:5)
  A worm (D:3)
  3 dart slugs
  27 orcs
  2 ball pythons
  7 endoplasms
  3 giant cockroaches
  20 goblins
  10 hobgoblins
  3 jackals (D:4)
  2 quokkas (D:2)
  5 bats
  5 frilled lizards
  9 kobolds
  10 rats
250 creatures vanquished.

Vanquished Creatures (collateral kills)
  An orc warlord (Bailey)
  6 hydras
  A catoblepas (Lair:6)
  A death yak (Lair:6)
  Pikel (D:5)
  A manticore (D:11)
  2 elephants
  2 centaur zombies
  4 black mambas
  4 cane toads
  Maggie (D:10)
  2 rime drakes
  A kobold demonologist (D:9)
  4 komodo dragons
  A tyrant leech (Lair:2)
  A polar bear (Lair:6)
  4 trolls
  4 dream sheep (Lair:2)
  Sigmund (D:6)
  2 wyverns
  31 yaks
  3 nameless horrors
  2 basilisks
  A vampire mosquito (D:11)
  Menkaure (D:6)
  7 water moccasins
  2 black bears
  5 orc warriors
  3 necrophages
  6 wolves
  2 ogres (D:6)
  2 centaurs
  A phantom (D:6)
  A kobold brigand (D:8)
  6 bullfrogs
  Dowan (D:6)
  A wyvern skeleton (D:7)
  2 killer bees (D:8)
  A bullfrog zombie (D:5)
  A hound (D:4)
  4 orc priests
  A jelly (D:4)
  A centaur skeleton (D:5)
  2 bullfrog skeletons
  An iguana (D:4)
  5 orc wizards
  A killer bee zombie (D:9)
  4 adders
  7 gnolls
  2 adder skeletons
  20 orcs
  4 ball pythons
  A bat (D:2)
  3 endoplasms
  12 goblins
  10 hobgoblins
  A kobold (D:8)
  A quokka (D:4)
  3 frilled lizards (D:2)
  A rat (D:1)
207 creatures vanquished.

Vanquished Creatures (others)
  A death knight (D:11)
  Prince Ribbit (D:6)
  Duvessa (D:6)
  An orc warrior (D:6)
  Crazy Yiuf (D:5)
  An orc wizard (D:5)
  A bush (Lair:5)
  43 fungi
  45 plants
95 creatures vanquished.

Grand Total: 552 creatures vanquished

Notes
Turn   | Place    | Note
-------+----------+-------------------------------------------
     0 | D:1      | tilp the Barachi Summoner began the quest for the Orb.
     0 | D:1      | Reached XP level 1. HP: 13/13 MP: 3/3
    42 | D:1      | Reached skill level 1 in Fighting
   361 | D:1      | Reached XP level 2. HP: 18/22 MP: 3/5
  1106 | D:1      | Learned a level 2 spell: Call Imp
  1113 | D:1      | Reached skill level 5 in Summonings
  1375 | D:1      | Reached XP level 3. HP: 24/27 MP: 6/6
  1985 | D:2      | Found a stormy altar of Qazlal.
  2218 | D:2      | Noticed Ijyb
  2425 | D:2      | Found a faded altar of an unknown god.
  3526 | D:3      | Noticed Grinder
  3855 | D:4      | Reached XP level 4. HP: 32/33 MP: 5/8
  3859 | D:4      | Learned a level 3 spell: Call Canine Familiar
  3975 | D:4      | Reached skill level 6 in Summonings
  4165 | D:3      | Reached XP level 5. HP: 28/39 MP: 7/9
  5020 | D:4      | Found Daotamuth's General Store.
  5131 | D:4      | Bought a scroll of identify for 20 gold pieces
  5131 | D:4      | Bought 2 scrolls of enchant armour for 150 gold pieces
  5263 | D:4      | Reached XP level 6. HP: 47/47 MP: 7/10
  5279 | D:4      | Noticed a necrophage
  5287 | D:4      | Killed a necrophage
  5509 | D:4      | Found a hazy altar of Hepliaklqana.
  5897 | D:5      | Entered Level 5 of the Dungeon
  5897 | D:5      | Noticed a necrophage
  5974 | D:4      | Killed a necrophage
  6174 | D:5      | Noticed a water moccasin
  6204 | D:5      | Killed a water moccasin
  6205 | D:5      | Reached XP level 7. HP: 54/54 MP: 4/11
  6311 | D:5      | Found a runed translucent door.
  6312 | D:5      | Noticed Crazy Yiuf
  6618 | D:5      | Noticed Pikel
  6639 | D:5      | Killed Pikel
  6640 | D:5      | Reached skill level 8 in Summonings
  6640 | D:5      | Reached skill level 1 in Evocations
  6640 | D:5      | Reached XP level 8. HP: 12/60 MP: 7/14
  6884 | D:5      | Learned a level 3 spell: Summon Guardian Golem
  6889 | D:5      | Learned a level 4 spell: Summon Ice Beast
  6976 | D:5      | Found a staircase to the Ecumenical Temple.
  6994 | Temple   | Entered the Ecumenical Temple
  7681 | D:5      | Killed Crazy Yiuf
  8172 | D:6      | Found a stormy altar of Qazlal.
  8214 | D:6      | Noticed Sigmund
  8226 | D:6      | Killed Sigmund
  8227 | D:6      | Reached skill level 1 in Ice Magic
  8940 | D:6      | Reached skill level 9 in Summonings
  9184 | D:6      | Found a large runed translucent door.
  9185 | D:6      | Found a large runed translucent door.
  9237 | D:6      | Noticed Duvessa
  9237 | D:6      | Noticed Dowan
  9256 | D:6      | Killed Duvessa
  9264 | D:6      | Killed Dowan
  9340 | D:6      | Noticed Menkaure
  9353 | D:6      | Killed Menkaure
  9354 | D:6      | Reached XP level 9. HP: 34/65 MP: 9/15
  9672 | D:6      | Noticed Prince Ribbit
  9683 | D:6      | Killed Prince Ribbit
  9684 | D:6      | Reached skill level 10 in Summonings
 10274 | D:6      | Found a snail-covered altar of Cheibriados.
 10278 | D:6      | Found an iron altar of Okawaru.
 10281 | D:6      | Became a worshipper of Warmaster Okawaru
 11333 | D:7      | Reached skill level 11 in Summonings
 11359 | D:7      | Reached * piety under Okawaru
 11870 | D:8      | Found Bocuas's Assorted Antiques.
 11899 | D:8      | Noticed a troll
 11907 | D:8      | Killed a troll
 11908 | D:8      | Reached skill level 12 in Summonings
 11997 | D:8      | Reached skill level 1 in Invocations
 12200 | D:8      | Reached ** piety under Okawaru
 12210 | D:8      | HP: 3/65 [poisoned by a water moccasin]
 12211 | D:8      | HP: 1/65 [poisoned by a water moccasin]
 12539 | D:8      | Found Woveesm's Weapon Emporium.
 12902 | D:8      | Found Hoemaif's Assorted Antiques.
 12936 | D:8      | Reached skill level 1 in Maces & Flails
 12942 | D:8      | Reached XP level 10. HP: 49/71 MP: 16/16
 13753 | D:8      | Learned a level 4 spell: Summon Lightning Spire
 13759 | D:8      | Found Qesietih's Jewellery Boutique.
 14114 | D:8      | Found a basalt altar of Yredelemnul.
 14176 | D:8      | Found Catet's Weapon Emporium.
 14207 | D:8      | Bought a pair of runed boots for 210 gold pieces
 14207 | D:8      | Bought 2 sedimented amethyst potions for 50 gold pieces
 14261 | D:8      | Bought a shiny ring mail for 161 gold pieces
 14273 | D:8      | Bought a scroll of identify for 46 gold pieces
 14416 | D:9      | Reached *** piety under Okawaru
 14442 | D:9      | Reached skill level 5 in Fighting
 14442 | D:9      | Reached skill level 5 in Maces & Flails
 14505 | D:9      | Found a flagged portal.
 14704 | Bailey   | Entered a bailey
 15215 | Bailey   | Noticed an orc knight
 15251 | Bailey   | Killed an orc knight
 15251 | Bailey   | Reached **** piety under Okawaru
 15252 | Bailey   | Reached skill level 5 in Invocations
 15602 | Bailey   | Noticed an orc knight
 15632 | Bailey   | Killed an orc knight
 15754 | Bailey   | Reached skill level 1 in Air Magic
 16237 | Bailey   | Noticed an orc warlord
 16785 | Bailey   | Killed an orc warlord
 16786 | Bailey   | Reached XP level 11. HP: 81/81 MP: 6/17
 17290 | D:9      | Found a broken altar of Ashenzari.
 17302 | D:9      | Found Coint's Weapon Shop.
 17532 | D:9      | Learned a level 1 spell: Apportation
 17584 | D:10     | Entered Level 10 of the Dungeon
 17986 | D:10     | Noticed Maggie
 18240 | D:10     | Reached ***** piety under Okawaru
 18790 | D:10     | Reached skill level 13 in Summonings
 18901 | D:10     | Killed Maggie
 18921 | D:10     | Received a gift from Okawaru
 19117 | D:10     | Found Apups's Weapon Shop.
 19408 | D:11     | Noticed a cyclops
 19438 | D:11     | Killed a cyclops
 19733 | D:11     | Noticed a manticore
 19749 | D:11     | Killed a manticore
 20016 | D:11     | Reached skill level 14 in Summonings
 20105 | D:11     | Noticed a five-headed hydra
 20119 | D:11     | Killed a five-headed hydra
 20323 | D:11     | Noticed a death knight
 20352 | D:11     | Killed a death knight
 20352 | D:11     | Received a gift from Okawaru
 21112 | D:11     | Found a staircase to the Lair.
 21505 | D:2      | Killed Ijyb
 22463 | D:3      | Killed Grinder
 22697 | Lair:1   | Entered Level 1 of the Lair of Beasts
 22859 | Lair:1   | Reached skill level 15 in Summonings
 23095 | Lair:1   | Noticed a five-headed hydra
 23102 | Lair:1   | Killed a five-headed hydra
 23230 | Lair:1   | Received a gift from Okawaru
 23995 | Lair:1   | Reached XP level 12. HP: 89/89 MP: 10/18
 24058 | Lair:1   | Reached skill level 5 in Dodging
 24867 | Lair:1   | Identified a scroll of acquirement
 24867 | Lair:1   | Acquired a +0 eveningstar of freezing
 24941 | Lair:2   | Noticed a catoblepas
 25484 | Lair:2   | Identified the +5 dagger of Sloth {chaos, rElec rPois rC++
                  | Str-2} (Okawaru gifted it to you on level 2 of the Lair of
                  | Beasts)
 25484 | Lair:2   | Received a gift from Okawaru
 25563 | Lair:2   | Noticed a four-headed hydra
 25581 | Lair:1   | Killed a catoblepas
 25914 | Lair:2   | You are sucked into a shaft and drop 2 floors!
 26753 | Lair:2   | Noticed a four-headed hydra
 26762 | Lair:2   | Killed a four-headed hydra
 27250 | Lair:2   | Noticed an eight-headed hydra
 27255 | Lair:2   | Killed an eight-headed hydra
 27255 | Lair:2   | Reached ****** piety under Okawaru
 27298 | Lair:2   | Killed a four-headed hydra
 27641 | Lair:2   | Found a staircase to the Swamp.
 28603 | Lair:3   | Noticed an eight-headed hydra
 28611 | Lair:3   | Killed an eight-headed hydra
 28611 | Lair:3   | Received a gift from Okawaru
 29408 | Lair:4   | Noticed a four-headed hydra
 29418 | Lair:4   | Killed a four-headed hydra
 29586 | Lair:4   | Found a hole to the Spider Nest.
 29597 | Lair:4   | Reached skill level 1 in Armour
 29930 | Lair:4   | Identified the +2 leather armour "Cetwoasm" {rF- rN+ Dex+5
                  | SInv}
 30360 | Lair:4   | Reached skill level 10 in Maces & Flails
 30360 | Lair:4   | Gained mutation: You can hop long distances. [Barachi
                  | growth]
 30360 | Lair:4   | Reached XP level 13. HP: 85/98 MP: 4/19
 31945 | Lair:5   | Received a gift from Okawaru
 32101 | Lair:5   | Reached skill level 1 in Shields
 33442 | Lair:5   | Found a staircase to the Slime Pits.
 33801 | Lair:6   | Entered Level 6 of the Lair of Beasts
 34666 | Lair:6   | Received a gift from Okawaru
 35205 | Lair:5   | Slain by an elephant

Illustrated notes

Levels and vault maps discovered:
D:1:      lemuel_arrival_broad_hall, layout_rooms, minmay_curled_crystal,
          lemuel_old_faithful
D:2:      kennysheep_the_goblin_king, layout_basic,
          shapermc_ecumenical_altar_mp_highgroup, basic_altar,
          minmay_lizard_pond
D:3:      layout_loops_corners, dk_vineyard_1, uniq_grinder
D:4:      cheibrodos_barr_body, layout_rooms, nzn_hepliaklqana_mist_gate,
          kennysheep_windowed_goal
D:5:      layout_rooms, minmay_temple_entry_arrows, grunt_ministairs_10,
          uniq_pikel, uniq_crazy_yiuf_cottage
D:6:      layout_basic, jmf_multi_god_temple2, lemuel_round_altar,
          uniq_prince_ribbit1, uniq_menkaure, uniq_duvessa, uniq_sigmund
D:7:      layout_basic, glass_columns_b, nicolae_lava_and_water
D:8:      layout_loops_cross, marbit_many_paths, serial_shops,
          nicolae_shop_crystal, kennysheep_mini,
          nicolae_shop_overgrown_old_shop, shop_coins, shop, minivault_11
D:9:      layout_cave_pods, old_standard_altar, enter_bailey_2, serial_shops,
          nicolae_shop_statue_plus
D:10:     layout_big_octagon, serial_shops, shop, uniq_maggie
D:11:     layout_cave_pods, lair_entry_dummy
Temple:   eino_temple_scatter_basement
Lair:1:   layout_loops_ring, beast_lair_carwin_8, infiniplex_staircase_pool,
          grunt_megastairs_1, serial_bayou_shore_a
Lair:2:   layout_long_grid, minmay_swamp_entry_worms
Lair:3:   layout_long_grid
Lair:4:   layout_roguey, spider_nest_entry_a, beast_lair_carwin_7
Lair:5:   layout_layer_cave, dpeg_slime_entry_corner, serial_bayou_shore_b
Lair:6:   minmay_lair_end_enchanted_forest, layout_hall_layers, st_stairs_4

Skill      XL: |  1  2  3  4  5  6  7  8  9 10 11 12 13 |
---------------+----------------------------------------+-----
Fighting       | 1 2 3 4 6 8 |  8.0
Summonings     | 5 6 8 9 12 15 | 15.0
Spellcasting   | 3 4 |  4.0
Stealth        | 2 4 |  4.0
Dodging        | 3 4 6 |  6.0
Evocations     | 1 4 |  4.0
Ice Magic      | 4 |  4.0
Invocations    | 4 6 8 |  8.0
Maces & Flails | 1 6 10 12 | 12.4
Air Magic      | 3 4 |  4.0
Armour         | 2 4 |  4.0
Shields        | 4 |  4.0

Action                   |  1- 3 |  4- 6 |  7- 9 | 10-12 | 13-15 || total
-------------------------+-------+-------+-------+-------+-------++-------
Melee: Mace              |   106 |       |       |       |       ||   106
       Unarmed           |     1 |       |       |       |       ||     1
       Hand axe          |     4 |   100 |    85 |       |       ||   189
       Whip              |       |       |   193 |   475 |       ||   668
       Punch             |       |       |       |     6 |     2 ||     8
       Demon whip        |       |       |       |    55 |       ||    55
       Eveningstar       |       |       |       |   135 |   180 ||   315
 Cast: Summon Small Mamm |    35 |     2 |       |     3 |       ||    40
       Call Imp          |     6 |    19 |    36 |       |       ||    61
       Call Canine Famil |       |    12 |    28 |     5 |     1 ||    46
       Summon Guardian G |       |       |    13 |     4 |     1 ||    18
       Summon Ice Beast  |       |       |    18 |   208 |    87 ||   313
       Summon Lightning  |       |       |       |    21 |    11 ||    32
Invok: Heroism           |       |       |     3 |    25 |     4 ||    32
 Abil: Hop               |     2 |     1 |     9 |     9 |     3 ||    24
Evoke: Wand              |       |       |     1 |    15 |     1 ||    17
       Lightning rod     |       |       |       |     4 |       ||     4
  Use: Scroll            |     3 |     9 |    10 |    14 |     2 ||    38
       Potion            |       |       |     1 |     6 |       ||     7
 Stab: Sleeping          |     3 |     2 |       |     2 |       ||     7
       Distracted        |       |       |     5 |    10 |     8 ||    23
Armor: Robe              |    25 |     8 |       |       |       ||    33
       Ring mail         |       |    38 |   145 |   265 |    96 ||   544
       Steam dragon scal |       |       |       |     4 |       ||     4
Dodge: Dodged            |   100 |    93 |   190 |   429 |   161 ||   973

Table legend: (Time is in decaauts)
 A = Elapsed time spent in this place.
 B = Non-inter-level travel time spent in this place.
 C = Inter-level travel time spent in this place.
 D = Time resting spent in this place.
 E = Time spent auto-exploring this place.
 F = Levels seen in this place.
 G = Mean time per level.
                   A        B        C        D        E       F      G
               +--------+--------+--------+--------+--------+-----+--------+
         Total |  38041 |  35900 |   2141 |  15459 |  15182 |  19 | 2002.2 |
       Dungeon |  22194 |  20645 |   1549 |   7948 |   9612 |  11 | 2017.6 |
        Temple |    259 |    237 |     22 |      0 |    236 |   1 |  259.0 |
          Lair |  13370 |  12801 |    569 |   6140 |   5162 |   6 | 2228.3 |
        Bailey |   2217 |   2217 |      0 |   1370 |    171 |   1 | 2217.0 |
               +--------+--------+--------+--------+--------+-----+--------+

Top non-repeatable levels by time:
  Lair:1: 3362 daAuts
     D:3: 2753 daAuts
  Lair:4: 2685 daAuts
     D:6: 2625 daAuts
     D:8: 2431 daAuts
  Lair:5: 2240 daAuts
  Bailey: 2217 daAuts
  Lair:2: 2200 daAuts
    D:11: 2122 daAuts
     D:4: 2053 daAuts
     D:9: 2000 daAuts
     D:5: 1999 daAuts
     D:7: 1923 daAuts
     D:1: 1743 daAuts
  Lair:6: 1445 daAuts
